 Dungeon Crawl Stone Soup version bcrawl-1.28.1b (webtiles) character file.

Game seed: 4418443663947280165

313252 Adamkad1 the Transmogrifier (level 10, -3/84 HPs)
             Began as a Red Draconian Transmuter on Dec 12, 2020.
             Was a Believer of Sif Muna.
             Slain by a two-headed ogre
             ... wielding a +0 giant spiked club
              (27 damage)
             ... on level 9 of the Dungeon.
             The game lasted 00:18:07 (7953 turns).

Adamkad1 the Transmogrifier (DrTm)                  Turns: 7953, Time: 00:18:08

Health: -3/84      AC: 10    Str: 17    XL:     10   Next: 26%
Magic:  14/18      EV: 15    Int: 13    God:    Sif Muna [**....]
Gold:   741        SH:  0    Dex: 13    Spells: 8/20 levels left

rFire    + + .     SeeInvis +     - Blade hands (27.4)
rCold    x . .     Gourm    .   (shield currently unavailable)
rNeg     . . .     Faith    .   (armour unavailable)
rPois    .         Spirit   .   (helmet restricted)
rElec    .         Reflect  .   A - +2 cloak
rCorr    .         Harm     .   (gloves currently unavailable)
MR       .....                  (no boots)
Stlth    +.........             v - amulet of regeneration
HPRegen  0.66/turn              E - ring "Myuv Bos" {Fire Str+2}
MPRegen  0.16/turn              (no ring)

@: blade hands (expiring), starving
A: breathe fire, unfitting armour, see invisible, fire resistance 1, mutation
resistance 1, cold-blooded, AC +7
a: Breathe Fire, End Transformation, Divine Energy, Renounce Religion


You were on level 9 of the Dungeon.
You worshipped Sif Muna.
Sif Muna was pleased with you.
You were starving.
You had blades for hands.
You visited 1 branch of the dungeon, and saw 9 of its levels.

You collected 741 gold pieces.

Inventory:

Hand Weapons
 w - the cursed +1 hunting sling of Bile {venom, Stlth+, unknown}
   (You found it on level 5 of the Dungeon)

   It poisons the ammo it fires.
   It makes you more stealthy.
   It has a curse placed upon it.
Missiles
 a - 600 arrows
 c - a throwing net {=f}
Armour
 n - a cursed +0 pair of gloves
 A - a +2 cloak (worn)
Jewellery
 h - the ring "Tyto" {rPois MR- Dex-4 SInv Stlth+}
   (You found it on level 9 of the Dungeon)

   [ring of poison resistance]

   It affects your dexterity (-4).
   It protects you from poison.
   It affects your resistance to hostile enchantments.
   It lets you see invisible.
   It makes you more stealthy.
 v - an amulet of regeneration (around neck)
 E - the ring "Myuv Bos" (left scythe-like blade) {Fire Str+2}
   (You found it on level 7 of the Dungeon)

   [ring of fire]

   It enhances your fire magic.
   It affects your strength (+2).
   It protects you from fire.
   It makes you vulnerable to cold.
Wands
 t - a wand of iceblast (9)
 C - a wand of flame (15)
 F - a wand of acid (6)
Scrolls
 b - a scroll of immolation {unknown}
 g - 3 scrolls of teleportation
 k - a scroll of amnesia {unknown}
 l - 8 scrolls of remove curse
 m - 2 scrolls of noise {unknown}
 p - a scroll of fear {unknown}
 q - a scroll of fog {unknown}
 r - 2 scrolls of enchant weapon {unknown}
 s - 6 scrolls of enchant armour {unknown}
 y - 2 scrolls of magic mapping {unknown}
Potions
 d - a potion of curing
 f - a potion of mutation
 i - 2 potions of brilliance
 o - a potion of degeneration {unknown}
 u - a potion of might
 x - a potion of agility {unknown}
 z - a potion of heal wounds {unknown}
Comestibles
 e - 9 rations {!d}


   Skills:
 + Level 6.4 Fighting
 + Level 5.7 Dodging
 + Level 6.6 Unarmed Combat
 + Level 5.6 Spellcasting
 + Level 4.4 Necromancy
 * Level 8.6 Transmutations


You had 8 spell levels left.
You knew the following spells:

 Your Spells              Type           Power        Failure   Level  Hunger
a - Beastly Appendage     Tmut           ####..       12%         1    None
b - Spider Form           Tmut/Pois      ##.          43%         3    ##.....
c - Blade Hands           Tmut           ####......   54%         5    ######.
d - Vampiric Draining     Necr           ###.......   43%         3    ##.....

Your spell library contained the following spells:

 Spells                   Type           Power        Failure   Level  Hunger
 Sticks to Snakes         Tmut           ####....     14%         2    None
 Animate Skeleton         Necr           N/A          24%         1    None
 Pain                     Necr           ###...       24%         1    None
 Passwall                 Tmut/Erth      ##......     32%         2    None
 Corona                   Hex            #......      58%         1    None
 Regeneration             Chrm/Necr      #.........   65%         3    ##.....
 Poisonous Vapours        Pois/Air       #.....       69%         2    None
 Shackle                  Hex            #.......     69%         2    None
 Swiftness                Chrm/Air       #.......     69%         2    None
 Animate Dead             Necr           N/A          71%         4    ####...
 Ice Form                 Ice/Tmut       ##......     73%         4    ####...
 Petrify                  Tmut/Erth      ##........   73%         4    ####...
 Yara's Violent Unravell  Hex/Tmut       ##........   73%         4    ####...
 Confuse                  Hex            #.......     85%         3    ##.....
 Dazzling Orbs            Conj/Hex       #......      85%         3    ##.....
 False Image              Hex/Summ       #.......     85%         3    ##.....
 Inner Flame              Hex/Fire       N/A          85%         3    ##.....
 Airstrike                Air            #.........   99%         4    ####...
 Cause Fear               Hex            #.........   99%         4    ####...
 Bolt of Draining         Conj/Necr      #.........   99%         5    ######.
 Lightning Bolt           Conj/Air       #.........   100%        5    ######.
 Metabolic Englaciation   Hex/Ice        #.........   100%        5    ######.
 Freezing Cloud           Ice/Air        #.........   100%        6    #######
 Steam Barrier            Chrm/Fire      #.........   100%        6    #######
 Mana Rupture             Conj/Hex       #.........   100%        7    #######
 Chain Lightning          Conj/Air       #.........   100%        8    #######


Dungeon Overview and Level Annotations

Branches:
Dungeon (9/12)             Temple (0/1) D:6            Lair (0/6) D:8
    Orc: D:8-11

Altars:
Ashenzari
Dithmenos
Elyvilon
Hepliaklqana
Qazlal
Sif Muna
Xom
The Shining One

Shops:
D:4 :   D:6 ?

Annotations:
D:6 1 runed translucent door, yrara's ghost, novice DsFi


Innate Abilities, Weirdness & Mutations

You can breathe blasts of fire.
Your fiery red scales are hard. (AC +7)
You cannot fit into any form of body armour.
Your flesh is heat resistant. (rF+)
You are cold-blooded and may be slowed by cold attacks.
You have supernaturally acute eyesight. (SInv)
You are somewhat resistant to further mutation.


Message History

You tail-slap the two-headed ogre, but do no damage.
The two-headed ogre is lightly wounded.
The two-headed ogre closely misses you. The two-headed ogre barely misses you.
You hit the two-headed ogre but do no damage.
The two-headed ogre is lightly wounded.
You slash the two-headed ogre!
The two-headed ogre is heavily wounded.
You slice the two-headed ogre!!
The two-headed ogre is severely wounded.
The two-headed ogre hits you with a +0 giant spiked club!!
The two-headed ogre closely misses you.
You slash the two-headed ogre!
The two-headed ogre is almost dead.
You hit the two-headed ogre.
Your tail-slap misses the two-headed ogre.
The two-headed ogre is almost dead.
The two-headed ogre hits you with a +0 giant spiked club!!
* * * LOW HITPOINT WARNING * * *
The two-headed ogre hits you with a +0 giant spiked club!!
You die...

..........^.
...........
#........# #
#..#.#.#.###.#
#.............
#..#.#.#....
#...!..O.#
#..#.#@#.##########
#........<...^.....
.................#.#
....................
############.###.#.
##########.# .
...........###.#
.................
#####..######.#.


You could see a two-headed ogre.

Vanquished Creatures
  Harold (D:9)
  A gargoyle (D:8)
  Grinder (D:4)
  A hippogriff (D:8)
  A hungry ghost (D:7)
  A vampire mosquito (D:7)
  2 wargs (D:8)
  2 crocodiles (D:9)
  An ice beast (D:8)
  A sky beast (D:4)
  4 orc warriors
  A necrophage (D:8)
  4 ogres
  2 centaurs
  A big kobold (D:6)
  3 bullfrogs (D:7)
  A scorpion (D:4)
  A howler monkey (D:8)
  4 crimson imps
  A hound (D:5)
  A quasit (D:8)
  A gnoll shaman (D:4)
  2 orc priests (D:8)
  4 jellies
  10 orc wizards
  3 iguanas
  A centaur skeleton (D:5)
  11 worker ants
  2 hound zombies
  Robin (D:3)
  2 worker ant zombies
  5 gnolls (D:4)
  5 adders
  4 shadow imps
  2 adder skeletons
  3 worms
  2 dart slugs
  7 leopard geckos
  11 orcs
  4 bats
  2 giant cockroaches
  15 goblins
  6 hobgoblins
  11 jackals
  10 kobolds
  3 quokkas
  2 frilled lizards
  A rat (D:1)
165 creatures vanquished.

Vanquished Creatures (others)
  A bush (D:5)
1 creature vanquished.

Grand Total: 166 creatures vanquished

Notes
Turn   | Place    | Note
-------+----------+-------------------------------------------
     0 | D:1      | Adamkad1 the Draconian Transmuter began the quest for the
                  | Orb.
     0 | D:1      | Reached XP level 1. HP: 16/16 MP: 3/3
   233 | D:1      | Reached XP level 2. HP: 23/23 MP: 3/5
   834 | D:2      | Found a shimmering blue altar of Sif Muna.
   892 | D:2      | Became a worshipper of Sif Muna the Loreminder
   958 | D:2      | Reached XP level 3. HP: 28/29 MP: 4/6
  1006 | D:2      | Learned a level 3 spell: Spider Form
  1491 | D:2      | Found a glowing golden altar of the Shining One.
  1632 | D:3      | Reached XP level 4. HP: 36/36 MP: 5/7
  1729 | D:3      | Noticed Robin
  1773 | D:3      | Reached skill level 3 in Transmutations
  1796 | D:3      | Killed Robin
  1960 | D:3      | Reached XP level 5. HP: 40/42 MP: 5/9
  1992 | D:3      | Found a faded altar of an unknown god.
  1992 | D:3      | Noticed an orc warrior
  2007 | D:3      | Killed an orc warrior
  2008 | D:3      | Reached * piety under Sif Muna
  2074 | D:3      | Identified Sif Muna's Collected Works on Boosting Stolen
                  | Souls (Sif Muna gifted it to you on level 3 of the Dungeon)
  2074 | D:3      | Received a gift from Sif Muna
  2091 | D:3      | Learned a level 5 spell: Blade Hands
  2119 | D:3      | Reached XP level 6. HP: 50/50 MP: 6/10
  2344 | D:3      | Found a white marble altar of Elyvilon.
  2648 | D:4      | Reached skill level 4 in Transmutations
  2937 | D:4      | Found Qaunofai's Book Boutique.
  3052 | D:4      | Noticed a sky beast
  3063 | D:4      | Killed a sky beast
  3064 | D:4      | Your scales start taking on a fiery red colour.
  3064 | D:4      | Reached XP level 7. HP: 41/57 MP: 5/11
  3064 | D:4      | Gained mutation: Your flesh is heat resistant. (rF+) [Red
                  | Draconian growth]
  3156 | D:4      | Noticed Grinder
  3158 | D:4      | Paralysed by Grinder for 3 turns
  3182 | D:4      | Killed Grinder
  3183 | D:4      | Reached skill level 5 in Transmutations
  3357 | D:4      | Found a hazy altar of Hepliaklqana.
  3358 | D:4      | Found a shimmering altar of Xom.
  3358 | D:4      | Noticed a wyvern
  3359 | D:4      | Noticed a wyvern
  3359 | D:4      | Noticed a spectral ugly thing
  3454 | D:5      | Entered Level 5 of the Dungeon
  3996 | D:5      | Got a glimmering hunting sling
  4163 | D:5      | Learned a level 3 spell: Vampiric Draining
  4297 | D:5      | Reached XP level 8. HP: 66/66 MP: 10/13
  4446 | D:5      | Found a shadowy altar of Dithmenos.
  4660 | D:6      | Found a runed translucent door.
  4660 | D:6      | Noticed yrara's ghost (novice DsFi)
  4786 | D:6      | Found Pimuzxip's Magic Scroll Boutique.
  4912 | D:6      | Reached skill level 1 in Necromancy
  4917 | D:6      | Reached skill level 5 in Unarmed Combat
  5001 | D:6      | Found a staircase to the Ecumenical Temple.
  5164 | D:6      | Reached skill level 6 in Transmutations
  5234 | D:6      | Found a stormy altar of Qazlal.
  5726 | D:7      | Got a twitching platinum ring
  5742 | D:7      | Found a shattered altar of Ashenzari.
  5871 | D:7      | Reached ** piety under Sif Muna
  5898 | D:7      | Reached skill level 5 in Fighting
  6093 | D:7      | Reached XP level 9. HP: 74/74 MP: 13/15
  6126 | D:7      | Identified Sif Muna's Handbook of Lightness (Sif Muna
                  | gifted it to you on level 7 of the Dungeon)
  6126 | D:7      | Received a gift from Sif Muna
  6436 | D:7      | Reached skill level 7 in Transmutations
  6589 | D:8      | Identified the cursed ring "Myuv Bos" {Fire Str+2} (You
                  | found it on level 7 of the Dungeon)
  6845 | D:8      | Reached skill level 5 in Spellcasting
  6889 | D:8      | Reached skill level 5 in Dodging
  6916 | D:8      | Gained mutation: You have supernaturally acute eyesight.
                  | (SInv) [potion of mutation]
  6916 | D:8      | Gained mutation: You are somewhat resistant to further
                  | mutation. [potion of mutation]
  6974 | D:8      | Noticed a gargoyle
  7216 | D:8      | Reached skill level 8 in Transmutations
  7405 | D:8      | Killed a gargoyle
  7406 | D:8      | Reached XP level 10. HP: 60/83 MP: 13/18
  7570 | D:8      | Found a staircase to the Lair.
  7796 | D:9      | Noticed Harold
  7825 | D:9      | Killed Harold
  7904 | D:9      | Got a wavering glass ring
  7912 | D:9      | Identified the ring "Tyto" {rPois MR- Dex-4 SInv Stlth+}
                  | (You found it on level 9 of the Dungeon)
  7941 | D:9      | Noticed a two-headed ogre
  7953 | D:9      | Slain by a two-headed ogre

Skill      XL: |  1  2  3  4  5  6  7  8  9 |
---------------+----------------------------+-----
Dodging        | 2 3 4 5 |  5.7
Fighting       | 2 3 4 5 6 |  6.4
Transmutations | 3 4 5 6 8 |  8.6
Unarmed Combat | 4 5 6 |  6.6
Spellcasting   | 3 4 5 |  5.6
Necromancy     | 2 4 |  4.4

Action                   |  1- 3 |  4- 6 |  7- 9 | 10-12 || total
-------------------------+-------+-------+-------+-------++-------
Melee: Unarmed           |   101 |   172 |   428 |    36 ||   737
       Tailslap          |    11 |     4 |    14 |     6 ||    35
       Kick              |     7 |     3 |       |       ||    10
       Headbutt          |     8 |       |       |       ||     8
       Punch             |       |       |     1 |       ||     1
 Cast: Beastly Appendage |    21 |     1 |       |       ||    22
       Spider Form       |       |    19 |    42 |     3 ||    64
       Blade Hands       |       |       |     1 |     4 ||     5
Invok: Divine Energy     |       |     1 |       |       ||     1
       Stop Divine Energ |       |     1 |       |       ||     1
 Abil: Breathe Fire      |       |       |     1 |       ||     1
  Use: Potion            |       |     1 |     8 |     3 ||    12
       Scroll            |       |       |    11 |     1 ||    12
  Eat: Chunk             |     5 |     9 |    24 |     2 ||    40
       Ration            |       |     1 |     2 |       ||     3
Armor: Skin              |    24 |    49 |    47 |     1 ||   121
Dodge: Dodged            |    65 |   142 |   389 |    21 ||   617
